 Dungeon Crawl Stone Soup version 0.29.0-4-gdea44cf6ec (webtiles) character file.

Game seed: 6726699478399316933

1309 Grimalkyne the Shooter (level 8, -8/61 HPs)
             Began as a Barachi Arcane Marksman on Aug 27, 2022.
             Mangled by an orc warrior
             ... wielding a +0 war axe
              (11 damage)
             ... on level 6 of the Dungeon.
             The game lasted 00:18:23 (4375 turns).

Grimalkyne the Shooter (Barachi Arcane Marksman)    Turns: 4375, Time: 00:18:23

Health: -8/61      AC:  6    Str: 11    XL:     8   Next: 58%
Magic:  9/9        EV: 10    Int: 14    God:
Gold:   459        SH:  0    Dex: 15    Spells: 2/9 levels left

rFire   . . .      SeeInvis +   k - +0 arbalest (freeze)
rCold   . . .      Faith    .   (shield currently unavailable)
rNeg    . . .      Spirit   .   t - +0 ring mail
rPois   .          Reflect  .   (no helmet)
rElec   .          Harm     .   (no cloak)
rCorr   .          Rampage  .   u - +0 pair of gloves
Will    .....                   (no boots)
Stlth   +.........              d - amulet of regeneration
HPRegen 1.00/turn               i - ring of flight
MPRegen 0.11/turn               r - ring of see invisible

@: unable to hop, flying, slow
A: amphibious, slowness 1, strong legs 1, +LOS
a: Hop


You were on level 6 of the Dungeon.
You visited 1 branch of the dungeon, and saw 6 of its levels.

You collected 459 gold pieces.

Inventory:

Hand Weapons
 a - a +1 sling
 k - a +0 arbalest of freezing (weapon)
Armour
 c - a +0 robe
 t - a +0 ring mail (worn)
 u - a +0 pair of gloves (worn)
Jewellery
 d - an amulet of regeneration (around neck)
 e - an amulet of guardian spirit
 i - a ring of flight (left hand)
 j - a ring of willpower
 r - a ring of see invisible (right hand)
 w - a ring of resist corrosion
 B - a ring of poison resistance
Wands
 L - a wand of roots (16)
Scrolls
 b - 3 scrolls of poison
 g - 3 scrolls of magic mapping {unknown}
 l - a scroll of fog {unknown}
 m - a scroll of blinking {unknown}
 s - 4 scrolls of identify {unknown}
 x - a scroll of vulnerability {unknown}
 y - a scroll of silence {unknown}
 A - a scroll of enchant armour {unknown}
 C - 2 scrolls of noise {unknown}
 E - 2 scrolls of fear {unknown}
 G - 2 scrolls of teleportation {unknown}
 J - a scroll of enchant weapon {unknown}
 N - a scroll of amnesia {unknown}
Potions
 f - a potion of attraction {unknown}
 h - a potion of resistance {unknown}
 n - a potion of magic {unknown}
 o - a potion of ambrosia
 p - a potion of degeneration {unknown}
 q - 2 potions of invisibility {unknown}
 v - 3 potions of mutation {unknown}
 z - 5 potions of curing {unknown}
 D - a potion of might
 H - 2 potions of brilliance {unknown}
 I - a potion of cancellation {unknown}
 K - a potion of lignification {unknown}
 M - a potion of haste {unknown}


   Skills:
 + Level 4.8 Fighting
 + Level 7.7 Ranged Weapons
 - Level 2.1 Dodging
 - Level 0.1 Stealth
 - Level 1.1 Spellcasting
 - Level 5.0 Hexes
 - Level 5.0 Summonings


You had 2 spell levels left.
You knew the following spells:

 Your Spells              Type           Power      Damage    Failure   Level
a - Slow                  Hex            56%        N/A       9%          1
b - Summon Guardian Gole  Hex/Summ       14%        N/A       24%         3
c - Portal Projectile     Hex/Tloc       14%        N/A       56%         3

Your spell library contained the following spells:

 Spells                   Type           Power      Damage    Failure   Level
 Apportation              Tloc           0%         N/A       54%         1
 Confusing Touch          Hex            14%        N/A       24%         3
 Inner Flame              Hex/Fire       7%         N/A       56%         3
 Cause Fear               Hex            7%         N/A       63%         4
 Vampiric Draining        Necr           0%         2d6       88%         3
 Alistair's Intoxication  Tmut/Pois      0%         N/A       100%        5
 Orb of Destruction       Conj           0%         9d5       100%        7
 Spellforged Servitor     Conj/Summ      3%         N/A       100%        7


Dungeon Overview and Level Annotations

Branches:
Dungeon (6/15)
 Temple: D:4-7

Altars:
Cheibriados
Elyvilon
Nemelex Xobeh
Qazlal
Yredelemnul

Shops:
D:2 :   D:4 (

Annotations:
D:5 2 transporters, 112233's ghost, amateur FeSu


Innate Abilities, Weirdness & Mutations

You are amphibious.
You cover ground slowly.
You can hop short distances.
You have an extended range of vision and can be seen from far away.


Message History

The bolt freezes the orc priest.
You kill the orc priest!
The orc warrior closely misses you.
Fire: k) +0 arbalest (freeze)
Press: ? - help, Q - select action, (/) - cycle Shift-Dir - straight line, f - orc warrior
Aim: an orc warrior, wielding a +0 war axe and wearing a +0 chain mail (moderately wounded, strong, 55% to hit)
You shoot a bolt.
The bolt hits the orc warrior but does no damage.
The orc warrior is moderately wounded.
The orc warrior hits you with a +0 war axe!
The orc warrior closely misses you.
Fire: k) +0 arbalest (freeze)
Press: ? - help, Q - select action, (/) - cycle Shift-Dir - straight line, f/p - orc warrior
Aim: an orc warrior, wielding a +0 war axe and wearing a +0 chain mail (moderately wounded, strong, 55% to hit)
You shoot a bolt.
The bolt closely misses the orc warrior.
The orc warrior hits you with a +0 war axe!!
Fire: k) +0 arbalest (freeze)
Press: ? - help, Q - select action, (/) - cycle Shift-Dir - straight line, f/p - orc warrior
Aim: an orc warrior, wielding a +0 war axe and wearing a +0 chain mail (moderately wounded, strong, 55% to hit)
You shoot a bolt. The bolt hits the orc warrior!
The bolt freezes the orc warrior.
The orc warrior is almost dead.
The orc warrior hits you with a +0 war axe!!
* * * LOW HITPOINT WARNING * * *
The orc warrior hits you with a +0 war axe!
* * * LOW HITPOINT WARNING * * *
Okay, then.
Okay, then.
Okay, then.
Okay, then.
Fire: k) +0 arbalest (freeze)
Press: ? - help, Q - select action, (/) - cycle Shift-Dir - straight line, f/p - orc warrior
Aim: an orc warrior, wielding a +0 war axe and wearing a +0 chain mail (almost dead, strong, 55% to hit)
You shoot a bolt.
The bolt hits the orc warrior but does no damage.
The orc warrior is almost dead.
The orc warrior misses you.
The orc warrior hits you with a +0 war axe!
You die...

#.#.#.# #.....
#.#.#.###.....
#####.#.#.........
#.....#...........
#.....#########...
#.....# #....
#.....# #....
#.)..## #.... #@o..#
#.... #....# ###..
#....##### #..
#........#######..
#^#........##.....
#.#.#......#........
#.#.#......#.#......
#.#.#......#.##.....
#.#.#......#.##.....


You could see an orc warrior (strong).

Vanquished Creatures
  Duvessa (D:6)
  A black bear (D:5)
  A sky beast (D:6)
  An ogre (D:6)
  2 phantoms
  4 scorpions
  Dowan (D:6)
  A howler monkey (D:4)
  A hound (D:4)
  A jelly (D:4)
  2 orc priests (D:6)
  4 iguanas
  An orc wizard (D:6)
  4 gnolls
  An adder (D:2)
  3 worms
  2 dart slugs
  6 orcs
  5 bats
  An endoplasm (D:1)
  5 giant cockroaches
  6 goblins
  9 hobgoblins
  5 quokkas
  4 ball pythons
  5 frilled lizards
  5 kobolds
  6 rats
  A spectral orc (D:4)
89 creatures vanquished.

Vanquished Creatures (others)
  A gnoll sergeant (D:5)
  2 gnolls (D:5)
3 creatures vanquished.

Grand Total: 92 creatures vanquished

Notes
Turn   | Place    | Note
-------+----------+-------------------------------------------
     0 | D:1      | Grimalkyne the Barachi Arcane Marksman began the quest for
                  | the Orb.
     0 | D:1      | Reached XP level 1. HP: 15/15 MP: 2/2
   136 | D:1      | Reached XP level 2. HP: 11/21 MP: 0/3
   384 | D:1      | Reached XP level 3. HP: 24/27 MP: 2/4
   499 | D:1      | Reached skill level 3 in Ranged Weapons
   581 | D:2      | Noticed a scorpion
   659 | D:2      | Learned a level 3 spell: Summon Guardian Golem
   666 | D:2      | Identified the +6 morningstar "Ricraross" {antimagic,
                  | *Corrode Will+ Str+4 Stlth+}
   786 | D:2      | Found Regg's Book Boutique.
   887 | D:2      | Reached XP level 4. HP: 30/33 MP: 5/5
   937 | D:2      | Found a faded altar of an unknown god.
  1114 | D:2      | Killed a scorpion
  1115 | D:2      | Reached XP level 5. HP: 34/38 MP: 6/6
  1566 | D:3      | Reached skill level 4 in Ranged Weapons
  2473 | D:4      | Noticed a phantom
  2488 | D:4      | Killed a phantom
  2489 | D:4      | Reached XP level 6. HP: 21/44 MP: 7/7
  2527 | D:4      | Found a stormy altar of Qazlal.
  2546 | D:4      | Found a white marble altar of Elyvilon.
  2594 | D:4      | Reached skill level 5 in Ranged Weapons
  2651 | D:4      | Found Zosij's Firing Range.
  2859 | D:4      | Found a basalt altar of Yredelemnul.
  2905 | D:5      | Entered Level 5 of the Dungeon
  2956 | D:5      | Noticed a black bear
  2961 | D:5      | Killed a black bear
  2962 | D:5      | Reached skill level 5 in Summonings
  2962 | D:5      | Reached XP level 7. HP: 50/50 MP: 6/8
  2986 | D:5      | Learned a level 3 spell: Portal Projectile
  3074 | D:5      | Noticed 112233's ghost (amateur FeSu)
  3098 | D:5      | Found a transporter.
  3104 | D:5      | Found a transporter.
  3323 | D:5      | Reached skill level 6 in Ranged Weapons
  3352 | D:5      | Found a sparkling altar of Nemelex Xobeh.
  3677 | D:6      | Reached skill level 5 in Hexes
  3750 | D:6      | Reached XP level 8. HP: 57/57 MP: 7/9
  3787 | D:6      | Reached skill level 7 in Ranged Weapons
  3834 | D:6      | Found a snail-covered altar of Cheibriados.
  3877 | D:6      | Noticed Duvessa
  3877 | D:6      | Noticed Dowan
  3888 | D:6      | Killed Duvessa
  3927 | D:6      | Killed Dowan
  4374 | D:6      | HP: 1/61 [orc warrior/+0 war axe (8)]
  4375 | D:6      | Mangled by an orc warrior

Illustrated notes

Levels and vault maps discovered:
D:1:      lemuel_arrival_hallway, layout_rooms
D:2:      minmay_general_purpose_star, layout_loops_cross,
          shapermc_ecumenical_altar_totnotflames, serial_shops,
          nicolae_shop_waterfront
D:3:      layout_basic
D:4:      layout_cave_pools, yredelemnul_forgotten_temple_becter,
          mainiacjoe_overflow_large_starburst, nicolae_shop_firing_range
D:5:      layout_gridville, nemelex_xobeh_ov_fountains_minmay,
          gammafunk_ghost_hive
D:6:      layout_basic, slow_altar_1, uniq_duvessa

Skill      XL: |  1  2  3  4  5  6  7  8 |
---------------+-------------------------+-----
Ranged Weapons | 3 4 5 6 7 |  7.7
Fighting       | 2 4 |  4.8
Summonings     | 2 4 5 |  5.0
Hexes          | 5 |  5.0
Dodging        | |  2.1
Stealth        | |  0.1
Spellcasting   | |  1.1

Action                   |  1- 3 |  4- 6 |  7- 9 || total
-------------------------+-------+-------+-------++-------
 Fire: Sling             |    85 |       |       ||    85
       Arbalest          |    41 |   103 |    98 ||   242
 Cast: Slow              |     6 |     4 |    11 ||    21
       Summon Guardian G |       |       |     5 ||     5
 Abil: Hop               |     3 |     6 |    11 ||    20
  Use: Potion            |       |       |     1 ||     1
Armor: Robe              |     6 |     2 |       ||     8
       Ring mail         |       |    11 |    19 ||    30
Dodge: Dodged            |    44 |    34 |    41 ||   119
